 Dungeon Crawl Stone Soup version 0.23.2-1-ga50397a6bc (webtiles) character file.

Game seed: 2183121063922792241

3439 PentaManta the Slicer (level 10, -1/53 HPs)
             Began as a Kobold Hunter on May 31, 2019.
             Was an Elder of Okawaru.
             Slain by a death yak (8 damage)
             ... on level 7 of the Dungeon.
             The game lasted 00:21:55 (7326 turns).

PentaManta the Slicer (Kobold Hunter)               Turns: 7326, Time: 00:21:55

Health: -1/53      AC:  8    Str: 10    XL:     10   Next: 26%
Magic:  10/10      EV: 22    Int: 12    God:    Okawaru [****..]
Gold:   401        SH:  0    Dex: 19    Spells: 9/9 levels left

rFire    + . .     SeeInvis .   q - +2 dagger (venom)
rCold    . . .     Gourm    .   (shield restricted)
rNeg     . . .     Faith    .   c - +0 leather armour
rPois    .         Spirit   .   x - +2 helmet
rElec    .         Reflect  .   m - +1 cloak
rCorr    .         Harm     .   (no gloves)
MR       .....                  (no boots)
Stlth    ++........             (no amulet)
HPRegen  0.17/turn              n - +2 ring of slaying
MPRegen  0.12/turn              l - ring of protection from fire

@: no status effects
A: small, carnivore
a: Heroism, Renounce Religion


You were on level 7 of the Dungeon.
You worshipped Okawaru.
Okawaru was greatly pleased with you.
You were near starving.

You visited 1 branch of the dungeon, and saw 8 of its levels.

You collected 401 gold pieces.

Inventory:

Hand Weapons
 a - a +1 hand crossbow
 p - a +0 short sword of freezing
 q - a +2 dagger of venom (weapon)
 w - a cursed +0 short sword
Missiles
 t - 43 bolts
Armour
 c - a +0 leather armour (worn)
 m - a +1 cloak (worn)
 x - a +2 helmet (worn)
Jewellery
 g - a cursed ring of ice
 l - a ring of protection from fire (right hand)
 n - a +2 ring of slaying (left hand)
 u - an uncursed ring of ice
Wands
 B - a wand of disintegration (16)
 D - a wand of polymorph (2)
 E - a wand of enslavement (4)
Scrolls
 b - 2 scrolls of identify
 d - a scroll of magic mapping
 k - 2 scrolls of teleportation
 o - a scroll of blinking
 y - a scroll of remove curse
 A - 3 scrolls of enchant armour
Potions
 e - a potion of cancellation
 h - a potion of lignification
 i - 2 potions of agility
 r - a potion of ambrosia
 s - a potion of brilliance
 v - a potion of resistance
 F - a potion of flight
Comestibles
 f - 10 rations


   Skills:
 - Level 2.1 Fighting
 - Level 11.7 Short Blades
 + Level 10.1 Crossbows
 + Level 9.2 Dodging
 - Level 1.3 Stealth


You had 9 spell levels left.
You didn't know any spells.
Your spell library contained the following spells:

 Spells                   Type           Power        Failure   Level  Hunger
 Animate Skeleton         Necr           N/A          41%         1    ##.....
 Apportation              Tloc           #.....       41%         1    ##.....
 Confusing Touch          Hex            #.....       41%         1    ##.....
 Summon Small Mammal      Summ           #...         41%         1    ##.....


Dungeon Overview and Level Annotations

Branches:
Dungeon (8/15)             Temple (0/1) D:5            Lair (0/6) D:8

Altars:
Cheibriados
Dithmenos
Fedhas
Makhleb
Okawaru
Uskayaw
Yredelemnul

Annotations:
D:3 exclusion: 2 downstairs
D:7 exclusion: downstairs


Innate Abilities, Weirdness & Mutations

You are small and have problems with some larger weapons.
You are carnivorous and can eat meat at any time.


Message History

Okay, then.
You feel much better.
You hit the death yak.
The death yak is poisoned.
The death yak is severely wounded.
The death yak misses you.
You hit the death yak.
The death yak looks as sick as possible!
The death yak is severely wounded.
You hit the death yak but do no damage.
The death yak looks as sick as possible!
The death yak is severely wounded.
The death yak gores you!!
* * * LOW HITPOINT WARNING * * *
You hit the death yak but do no damage.
The death yak looks as sick as possible!
The death yak is severely wounded.
You hit the death yak but do no damage.
The death yak is severely wounded.
The death yak gores you!
You die...

#.........#<†.....# ###
#.####.....#####<.# #..
#.####.....## ##.# #.. #####
#....'..[...#####.# #.. #...#
#..###............# #.. ##+#.#
#..###.)...###########..
.+_'.#####..#....................
.#'#........#.#################..
................@Y...............
............#.#####...####......#
.########.#.#.# #..(# #......#
............#.# #...# #......#
..#######.#...# #...####......#
#.....# #.#).## #.............#
#.###.# #.....# #.............#
#.###.# ####..# ##+#..........#
#..##.# ##.# #.#........###


You could see a death yak.

Vanquished Creatures
  An elephant (D:7)
  A hippogriff (D:7)
  A basilisk (D:7)
  3 orc warriors
  2 ice beasts
  2 sky beasts
  4 ogres
  3 phantoms
  A centaur (D:6)
  3 bullfrogs
  2 wyvern skeletons
  2 scorpions
  5 killer bees (D:7)
  A howler monkey (D:5)
  2 bullfrog zombies
  A crimson imp (D:5)
  2 jellies
  5 hounds
  Crazy Yiuf (D:6)
  2 orc priests
  A bullfrog skeleton (D:4)
  A centaur skeleton (D:5)
  Ijyb (D:5)
  An orc wizard (D:7)
  A worker ant (D:6)
  A hound skeleton (D:4)
  A hound zombie (D:5)
  A gnoll (D:1)
  8 adders
  A shadow imp (D:7)
  An ooze (D:6)
  A worm (D:4)
  3 dart slugs
  7 leopard geckos
  29 orcs
  7 giant cockroaches
  6 goblins
  16 hobgoblins
  14 jackals
  2 quokkas
  5 bats
  7 frilled lizards
  A giant cockroach zombie (D:5)
  8 kobolds
  11 rats
179 creatures vanquished.

Notes
Turn   | Place    | Note
-------+----------+-------------------------------------------
     0 | D:1      | PentaManta the Kobold Hunter began the quest for the Orb.
     0 | D:1      | Reached XP level 1. HP: 12/12 MP: 1/1
    57 | D:1      | Reached skill level 1 in Short Blades
    77 | D:1      | Reached XP level 2. HP: 17/17 MP: 2/2
    80 | D:1      | Reached skill level 5 in Crossbows
   175 | D:1      | Reached skill level 2 in Short Blades
   206 | D:1      | Reached XP level 3. HP: 21/21 MP: 3/3
   770 | D:1      | Reached skill level 3 in Short Blades
   821 | D:1      | Found an iron altar of Okawaru.
   866 | D:1      | Became a worshipper of Warmaster Okawaru
  1036 | D:2      | Reached XP level 4. HP: 23/26 MP: 4/4
  1234 | D:2      | Found a shadowy altar of Dithmenos.
  1330 | D:2      | Found a blossoming altar of Fedhas.
  1553 | D:2      | Reached XP level 5. HP: 25/30 MP: 5/5
  1686 | D:2      | Reached skill level 4 in Short Blades
  2337 | D:3      | Found a snail-covered altar of Cheibriados.
  2340 | D:3      | Found a hide-covered altar of Uskayaw.
  2343 | D:3      | Found a basalt altar of Yredelemnul.
  2965 | D:4      | Noticed an ogre
  3017 | D:4      | Noticed an ogre
  3024 | D:4      | Killed an ogre
  3024 | D:4      | Reached skill level 5 in Short Blades
  3024 | D:4      | Reached XP level 6. HP: 22/35 MP: 6/6
  3024 | D:4      | Noticed a phantom
  3421 | D:4      | Killed an ogre
  3421 | D:4      | Reached * piety under Okawaru
  3421 | D:4      | Reached skill level 6 in Short Blades
  3421 | D:4      | Reached XP level 7. HP: 40/40 MP: 7/7
  3686 | D:4      | Reached skill level 5 in Dodging
  3692 | D:4      | Reached skill level 7 in Short Blades
  3852 | D:5      | Entered Level 5 of the Dungeon
  3883 | D:5      | Reached XP level 8. HP: 37/44 MP: 8/8
  4112 | D:5      | Noticed Ijyb
  4179 | D:5      | Killed Ijyb
  4231 | D:5      | Reached ** piety under Okawaru
  4231 | D:5      | Reached skill level 8 in Short Blades
  4568 | D:5      | Found a staircase to the Ecumenical Temple.
  4724 | D:6      | Reached skill level 9 in Short Blades
  4806 | D:6      | Reached XP level 9. HP: 37/48 MP: 9/9
  4884 | D:6      | Found a runed translucent door.
  4885 | D:6      | Noticed Crazy Yiuf
  5140 | D:6      | Reached skill level 10 in Short Blades
  5413 | D:6      | Killed Crazy Yiuf
  5495 | D:7      | Reached *** piety under Okawaru
  5495 | D:7      | Received a gift from Okawaru
  5617 | D:7      | Noticed a hippogriff
  5626 | D:7      | Killed a hippogriff
  5626 | D:7      | Reached skill level 11 in Short Blades
  5959 | D:7      | Found a burning altar of Makhleb.
  6160 | D:7      | Reached XP level 10. HP: 50/53 MP: 10/10
  6492 | D:7      | Found a burning altar of Makhleb.
  6572 | D:8      | Noticed an elephant
  6573 | D:8      | Found a staircase to the Lair.
  6573 | D:8      | Noticed a death yak
  6616 | D:7      | Killed an elephant
  6909 | D:8      | Reached **** piety under Okawaru
  7011 | D:7      | Reached skill level 10 in Crossbows
  7326 | D:7      | Slain by a death yak

Skill      XL: |  1  2  3  4  5  6  7  8  9 10 |
---------------+-------------------------------+-----
Short Blades   | 1 2 3 5 6 7 9 11 | 11.7
Crossbows      | 5 6 7 9 10 | 10.1
Dodging        | 3 4 5 6 8 9 |  9.2
Fighting       | |  2.1
Stealth        | |  1.3

Action                   |  1- 3 |  4- 6 |  7- 9 | 10-12 || total
-------------------------+-------+-------+-------+-------++-------
Melee: Dagger            |       |    44 |   118 |    54 ||   216
       Short sword       |       |       |    25 |       ||    25
       Unarmed           |       |       |     5 |       ||     5
 Fire: Hand crossbow     |    63 |   138 |   187 |     9 ||   397
Evoke: Wand              |       |       |       |     4 ||     4
  Use: Scroll            |       |     9 |     5 |     5 ||    19
       Potion            |       |       |     3 |     1 ||     4
 Stab: Sleeping          |       |       |       |     1 ||     1
  Eat: Chunk             |       |     8 |     7 |     1 ||    16
       Ration            |       |       |       |     1 ||     1
Armor: Leather armour    |     3 |    21 |    30 |    11 ||    65
Dodge: Dodged            |    11 |    75 |   157 |    30 ||   273
